 Dungeon Crawl Stone Soup version 0.30-a0-1074-g5db6f66fbb (webtiles) character file.

Game seed: 10540254988658403782

4701 senseless the Sneak (level 10, -1/68 HPs)
             Began as an Octopode Transmuter on Apr 13, 2023.
             Was an Initiate of Gozag.
             Slain by a yak (10 damage)
             ... on level 8 of the Dungeon.
             The game lasted 00:29:22 (7629 turns).

senseless the Sneak (Octopode Transmuter)           Turns: 7629, Time: 00:29:23

Health: -1/68      AC:  1    Str: 12    XL:     10   Next: 45%
Magic:  18/18      EV: 16    Int: 16    God:    Gozag
Gold:   281        SH:  7    Dex: 20    Spells: 10/20 levels left

rFire   . . .      SeeInvis .      - Unarmed
rCold   . . .      Faith    .    u - +1 buckler
rNeg    . . .      Spirit   .    (helmet restricted)
rPois   .          Reflect  .    b - amulet of regeneration
rElec   .          Rampage  .    l - +6 ring of dexterity
rCorr   .                        t - ring of flight
Will    +....                    y - ring of wizardry
Stlth   +++++                    B - ring of willpower
HPRegen 1.11/turn                J - +4 ring of slaying
MPRegen 0.16/turn                (no ring)
                                 (no ring)
                                 (no ring)

@: gold aura, flying, studying Poison Magic
A: almost no armour, amphibious, 8 rings, camouflage 1, gelatinous body 1,
(nimble swimmer 1), tentacles, tentacle spike 1, passive freeze
a: Renounce Religion, Potion Petition, Call Merchant, Bribe Branch


You were on level 8 of the Dungeon.
You worshipped Gozag.
Gozag was aware of your devotion.
You visited 2 branches of the dungeon, and saw 9 of its levels.
You also visited: Sewer.

You collected 1167 gold pieces.
You spent 780 gold pieces at shops.
You paid 106 gold pieces to Gozag.

Inventory:

Hand Weapons
 a - a +2 sling of freezing
Missiles
 k - 5 atropa-tipped darts
 n - 4 poisoned darts
Armour
 u - a +1 buckler (worn)
Magical Staves
 p - a staff of fire
 x - a staff of earth
Jewellery
 b - an amulet of regeneration (around mantle)
 l - a +6 ring of dexterity (left tentacle)
 t - a ring of flight (right tentacle)
 y - a ring of wizardry (on tentacle)
 B - a ring of willpower (on tentacle)
 G - an amulet of reflection
 J - a +4 ring of slaying (on tentacle)
Wands
 q - a wand of digging (5)
 r - a wand of roots (8)
Scrolls
 f - 2 scrolls of enchant weapon
 g - 4 scrolls of identify
 h - 3 scrolls of teleportation
 j - 2 scrolls of fog
 m - a scroll of poison
 s - 2 scrolls of fear
 v - a scroll of summoning {unknown}
 D - a scroll of brand weapon {unknown}
 F - 3 scrolls of amnesia {unknown}
 H - a scroll of magic mapping {unknown}
 I - 2 scrolls of blinking {unknown}
Potions
 c - 3 potions of mutation
 d - a potion of invisibility
 e - 6 potions of curing
 i - 2 potions of attraction
 o - 3 potions of might
 w - 2 potions of resistance
 z - 3 potions of haste
 A - a potion of magic {unknown}
 C - a potion of heal wounds
 E - 4 potions of lignification


   Skills:
 + Level 5.7 Fighting
 + Level 1.7 Ranged Weapons
 + Level 6.0 Dodging
 + Level 6.6 Stealth
 + Level 3.6 Shields
 + Level 6.6 Unarmed Combat
 + Level 5.5 Spellcasting
 + Level 5.9 Transmutations
 + Level 1.3 Ice Magic
 + Level 6.6 Poison Magic


You had 10 spell levels left.
You knew the following spells:

 Your Spells              Type           Power      Damage    Failure   Level
a - Beastly Appendage     Tmut           46%        N/A       1%          1
b - Wereblood             Tmut           23%        N/A       1%          2
c - Spider Form           Tmut/Pois      24%        N/A       1%          3
d - Ice Form              Ice/Tmut       16%        N/A       16%         4

Your spell library contained the following spells:

 Spells                   Type           Power      Damage    Failure   Level
 Cigotuvi's Dreadful Rot  Necr/Pois/Air  22%        N/A       4%          2
 Olgreb's Toxic Radiance  Pois           25%        N/A       4%          4
 Apportation              Tloc           8%         N/A       8%          1
 Necrotise                Necr           16%        1d4       8%          1
 Summon Small Mammal      Summ           16%        N/A       8%          1
 Sublimation of Blood     Necr           4%         N/A       12%         2
 Inner Flame              Hex/Fire       4%         N/A       22%         3
 Petrify                  Tmut/Erth      13%        N/A       22%         4
 Irradiate                Conj/Tmut      6%         3d13      50%         5
 Yara's Violent Unravell  Hex/Tmut       6%         3d5       50%         5
 Enfeeble                 Hex            2%         N/A       100%        7
 Ozocubu's Refrigeration  Ice            4%         4d8       100%        7
 Summon Hydra             Summ           2%         N/A       100%        7


Dungeon Overview and Level Annotations

Branches:
Dungeon (8/15)             Temple (1/1) D:6           Sewer (visited)
   Lair: D:8-11

Altars:
Ashenzari
Cheibriados
Dithmenos
Elyvilon
Fedhas
Gozag
Hepliaklqana
Kikubaaqudgha
Makhleb
Nemelex Xobeh
Okawaru
Qazlal
Ru
Sif Muna
Trog
Uskayaw
Vehumet
Wu Jian
Xom
Yredelemnul
Zin
The Shining One

Shops:
D:4 =


Innate Abilities, Weirdness & Mutations

You cannot wear most types of armour.
You are amphibious.
You can wear up to eight rings at the same time.
Your skin changes colour to match your surroundings (Stealth+).
Your rubbery body absorbs attacks. (AC +1, EV +1)
((You are camouflaged when in or above water. (Stealth+)))
You have tentacles for arms and can constrict up to eight enemies at once.
One of your tentacles bears a spike.
A frigid envelope surrounds you and freezes all who hurt you.


Message History

You are too injured to fight recklessly!
You are too injured to fight recklessly!
You are too injured to fight recklessly!
You are too injured to fight recklessly!
You are too injured to fight recklessly!
You are too injured to fight recklessly!
You are too injured to fight recklessly!
You are too injured to fight recklessly!
You closely miss the bullfrog. You grab the bullfrog.
The bullfrog is moderately wounded.
You constrict the bullfrog. You block the bullfrog's attack.
The yak is distracted by your dazzling golden aura.
The yak bellows!
You tentacle-slap the bullfrog.
You pierce the bullfrog!
You squeeze the bullfrog.
You kill the bullfrog!
You tentacle-slap the yak. You squeeze the yak.
The yak is moderately wounded.
You tentacle-slap the yak.
The yak is lightly wounded.
You closely miss the yak. You squeeze the yak.
The yak is heavily wounded.
The yak gores you!
The yak is very cold.
The yak is heavily wounded.
You are too injured to fight recklessly!
You tentacle-slap the yak. You squeeze the yak!
The yak is almost dead.
The yak closely misses you.
You closely miss the yak.
Your tentacle spike misses the yak.
You squeeze the yak.
The yak is almost dead.
The yak gores you!
* * * LOW HITPOINT WARNING * * *
The yak is very cold.
You kill the yak!
You completely miss the yak. You squeeze the yak, but do no damage.
The yak is lightly wounded.
The yak gores you!
You die...
Your body crumbles into a pile of gold.

# #.## # #.# # #.# ##.#
#..# ####.## #########
##....########
#Y$.:.Y.#
#..#####.....###Y#
#.######......##@#
....#.##......##.#
.##.#............#
.#....#####.###..#
.#........#...#..#
##.######.#......######
####.
.#........###.##.#....#
...
.#....#.....#....#.##.#
#.#
.#....#.###.######?##.#
####.###


You could see 2 yaks.

Vanquished Creatures
  Joseph (D:7)
  Grinder (D:3)
  Sigmund (D:4)
  5 yaks (D:8)
  Eustachio (D:4)
  2 steam dragons (D:8)
  An orc warrior (D:7)
  An ice beast (D:7)
  A hornet zombie (D:7)
  2 black bears
  3 ogres
  A phantom (D:5)
  3 wyvern zombies (D:7)
  4 bullfrogs
  4 scorpions
  3 wights (D:7)
  A water moccasin zombie (D:7)
  6 killer bees (D:8)
  3 howler monkeys (D:8)
  2 bullfrog zombies (D:7)
  5 centaur zombies (D:7)
  3 orc priests
  A jelly (D:6)
  Ijyb (D:3)
  A sleepcap (D:5)
  3 iguanas
  6 orc wizards
  3 killer bee zombies (D:7)
  A howler monkey zombie (D:7)
  10 adders
  2 river rats (Sewer)
  3 shadow imps
  2 white imps
  An ufetubus (D:5)
  6 worms
  2 dart slugs
  29 orcs
  12 ball pythons
  2 bats
  6 endoplasms
  2 giant cockroaches
  7 goblins
  6 hobgoblins
  6 jackals
  8 kobolds
  2 quokkas
  A frilled lizard (D:2)
  9 rats
186 creatures vanquished.

Vanquished Creatures (others)
  A plant (D:7)
  10 withered plants (D:7)
11 creatures vanquished.

Grand Total: 197 creatures vanquished

Notes
Turn   | Place    | Note
-------+----------+-------------------------------------------
     0 | D:1      | senseless the Octopode Transmuter began the quest for the
                  | Orb.
     0 | D:1      | Reached XP level 1. HP: 13/13 MP: 3/3
   277 | D:1      | Reached XP level 2. HP: 17/18 MP: 3/5
   702 | D:2      | Reached XP level 3. HP: 16/23 MP: 4/6
   889 | D:2      | Learned a level 2 spell: Wereblood
  1784 | D:3      | Noticed Ijyb
  1797 | D:3      | Killed Ijyb
  1798 | D:3      | Reached skill level 1 in Stealth
  1798 | D:3      | Reached XP level 4. HP: 25/29 MP: 7/7
  1821 | D:3      | Noticed Grinder
  1830 | D:3      | Killed Grinder
  1831 | D:3      | Reached XP level 5. HP: 32/35 MP: 6/9
  1831 | D:3      | Reached XP level 6. HP: 37/41 MP: 6/10
  2343 | D:3      | Identified a scroll of acquirement
  2343 | D:3      | Acquired Kuelit's Elucidation of the Wintry Tincture
  2374 | D:3      | Gained mutation: One of your tentacles bears a spike.
                  | [potion of mutation]
  2374 | D:3      | Gained mutation: Your muscles are strong. (Str +4, Int/Dex
                  | -1) [potion of mutation]
  2374 | D:3      | Lost mutation: Your muscles are strong. (Str +4, Int/Dex
                  | -1) [potion of mutation]
  2374 | D:3      | Gained mutation: A frigid envelope surrounds you and
                  | freezes all who hurt you. [potion of mutation]
  2379 | D:3      | Learned a level 3 spell: Spider Form
  2394 | D:4      | Noticed Eustachio
  2417 | D:4      | Killed Eustachio
  2489 | D:4      | Noticed Sigmund
  2511 | D:4      | Killed Sigmund
  2512 | D:4      | Reached XP level 7. HP: 38/46 MP: 10/12
  2571 | D:4      | Found Huziw's Jewellery Emporium.
  3190 | D:4      | Reached XP level 8. HP: 25/54 MP: 13/13
  3270 | D:4      | Reached skill level 1 in Poison Magic
  3445 | D:5      | Entered Level 5 of the Dungeon
  3462 | D:5      | Found an ornate altar of the Wu Jian Council.
  3705 | D:5      | Reached skill level 5 in Unarmed Combat
  4340 | D:6      | Found a staircase to the Ecumenical Temple.
  4355 | Temple   | Entered the Ecumenical Temple
  4449 | Temple   | Became a worshipper of Gozag Ym Sagoz the Greedy
  4738 | D:6      | Found a glowing drain.
  4742 | Sewer    | Entered a sewer
  5393 | D:6      | Reached skill level 1 in Shields
  5751 | D:7      | Reached XP level 9. HP: 50/59 MP: 15/15
  5784 | D:7      | Reached skill level 5 in Dodging
  5895 | D:7      | Reached skill level 5 in Transmutations
  6081 | D:7      | Reached skill level 5 in Stealth
  6251 | D:7      | Reached skill level 5 in Fighting
  6365 | D:7      | Found a shimmering altar of Xom.
  6370 | D:7      | Noticed Joseph
  6374 | D:7      | Found a hazy altar of Hepliaklqana.
  6374 | D:7      | Found a stormy altar of Qazlal.
  6394 | D:7      | Reached skill level 5 in Spellcasting
  6408 | D:7      | Reached skill level 5 in Poison Magic
  6408 | D:7      | Killed Joseph
  6576 | D:7      | Identified the +2 pair of boots of Compassion {-Cast +Inv
                  | Will++ Regen+}
  6621 | D:7      | Noticed a wizard
  6656 | D:7      | Learned a level 4 spell: Ice Form
  6733 | D:8      | Reached XP level 10. HP: 16/66 MP: 17/17
  7112 | D:8      | Reached skill level 1 in Ranged Weapons
  7245 | D:8      | Found a hide-covered altar of Uskayaw.
  7255 | D:8      | HP: 3/66 [steam dragon (3)]
  7466 | D:4      | Bought a +4 ring of slaying for 780 gold pieces
  7606 | D:8      | Reached skill level 1 in Ice Magic
  7629 | D:8      | Slain by a yak

Illustrated notes

Levels and vault maps discovered:
D:1:      dpeg_arrival_stonehenge_8_columns, layout_loops_ring,
          chequers_serial_rivers_room_a
D:2:      layout_basic, corexii_corridor_pit
D:3:      layout_loops_cross, kennysheep_decorative_pillar, uniq_grinder,
          uniq_ijyb
D:4:      layout_loops_ring, dreamdust_princess_bridge,
          minmay_shop_enchanted_jewellery, minivault_5,
          minmay_manual_macuahuitl, uniq_sigmund, uniq_eustachio
D:5:      layout_basic, nicolae_wu_jian_wuxing_cycle
D:6:      layout_basic, minmay_temple_entry_overgrown, gup_sewer_entry_bowl
D:7:      cheibrodos_wizards_tower, layout_cave_pools,
          gammafunk_temple_overflow_forgotten, serial_undead, serial_undead_b,
          serial_undead_b, serial_undead_e, serial_undead_a, serial_undead_d,
          serial_undead_c, serial_undead_e, serial_undead_c, serial_undead_e,
          serial_undead_d, uniq_joseph
D:8:      layout_basic, nicolae_uskayaw_murder_on_the_dancefloor
Temple:   minmay_temple_bridge_d

Skill      XL: |  1  2  3  4  5  6  7  8  9 10 |
---------------+-------------------------------+-----
Stealth        | 1 2 3 4 6 |  6.6
Fighting       | 2 3 4 5 |  5.7
Dodging        | 3 4 5 6 |  6.0
Unarmed Combat | 4 5 6 |  6.6
Spellcasting   | 3 4 5 |  5.5
Transmutations | 3 4 5 |  5.9
Poison Magic   | 3 5 6 |  6.6
Shields        | 1 3 |  3.6
Ranged Weapons | 1 |  1.7
Ice Magic      | 1 |  1.3

Action                     |  1- 3 |  4- 6 |  7- 9 | 10-12 || total
---------------------------+-------+-------+-------+-------++-------
  Melee: Unarmed           |    78 |    35 |   316 |    58 ||   487
         Kick              |    37 |    13 |   115 |    17 ||   182
         Constrict         |    23 |    15 |    50 |     7 ||    95
         Tentacles         |    16 |    10 |    79 |    14 ||   119
         Punch             |     1 |     1 |    17 |     5 ||    24
   Fire: Sling             |       |       |       |    22 ||    22
  Throw: Dart              |       |     6 |       |       ||     6
   Cast: Beastly Appendage |    29 |     5 |       |       ||    34
         Spider Form       |       |       |     5 |     1 ||     6
         Wereblood         |       |       |     2 |     1 ||     3
    Use: Scroll            |       |     9 |     9 |       ||    18
         Potion            |       |     2 |     2 |       ||     4
   Stab: Sleeping          |     6 |     2 |    21 |       ||    29
         Distracted        |       |       |     1 |       ||     1
 Armour: Skin              |     6 |     1 |    11 |       ||    18
  Dodge: Dodged            |    27 |    14 |   235 |    33 ||   309
  Block: Buckler           |       |       |    58 |     5 ||    63

Table legend: (Time is in decaauts)
 A = Elapsed time spent in this place.
 B = Non-inter-level travel time spent in this place.
 C = Inter-level travel time spent in this place.
 D = Time resting spent in this place.
 E = Time spent auto-exploring this place.
 F = Levels seen in this place.
 G = Mean time per level.
                   A        B        C        D        E       F      G
               +--------+--------+--------+--------+--------+-----+--------+
         Total |   7593 |   7021 |    572 |    278 |   5218 |  10 |  759.3 |
       Dungeon |   7133 |   6662 |    471 |    278 |   4991 |   8 |  891.6 |
        Temple |    165 |     64 |    101 |      0 |     59 |   1 |  165.0 |
         Sewer |    294 |    294 |      0 |      0 |    168 |   1 |  294.0 |
               +--------+--------+--------+--------+--------+-----+--------+

Top non-repeatable levels by time:
     D:6: 1129 daAuts
     D:4: 1072 daAuts
     D:2: 906 daAuts
     D:7: 903 daAuts
     D:5: 851 daAuts
     D:8: 805 daAuts
     D:3: 772 daAuts
     D:1: 692 daAuts
   Sewer: 294 daAuts
  Temple: 165 daAuts
